 Dungeon Crawl Stone Soup version 0.31-a0-237-g2d982f9f85 (webtiles) character file.

Game seed: 2850488140098469264

120 qw the Shooter (level 4, 0/36 HPs)
             Began as a Minotaur Hexslinger on July 10, 2023.
             Slain by Pargi (3 damage)
             ... on level 3 of the Dungeon.
             The game lasted 00:00:41 (1463 turns).

qw the Shooter (Minotaur Hexslinger)                Turns: 1463, Time: 00:00:42

Health: 0/36       AC:  6    Str: 13    XL:     4   Next: 75%
Magic:  4/4        EV: 11    Int: 10    God:
Gold:   125        SH:  0    Dex: 14    Spells: 4/5 levels left

rFire   . . .        Y - +1 sling
rCold   . . .        (no shield)
rNeg    . . .        j - +0 ring mail
rPois   .            (helmet restricted)
rElec   .            (no cloak)
rCorr   .            (no gloves)
SInv    .            m - +0 pair of boots
Will    .....        (no amulet)
Stlth   +            (no ring)
HPRegen 0.26/turn    (no ring)
MPRegen 0.09/turn

%: no passive effects
@: no status effects
A: horns 2, retaliatory headbutt
a: no special abilities


You were on level 3 of the Dungeon.
You visited 1 branch of the dungeon, and saw 3 of its levels.

You collected 125 gold pieces.


Innate Abilities, Weirdness & Mutations

You have a pair of horns on your head.
You reflexively headbutt those who attack you in melee.


   Skills:
 + Level 2.0 Fighting
 - Level 5.0 Ranged Weapons
 - Level 1.7 Armour
 - Level 2.1 Dodging
 - Level 1.0 Spellcasting
 - Level 2.0 Hexes


You had 4 spell levels left.
You knew the following spells:

 Your Spells              Type           Power      Damage    Failure   Level
a - Slow                  Hex            16%        N/A       32%         1

Your spell library contained the following spells:

 Spells                   Type           Power      Damage    Failure   Level
 Inner Flame              Hex/Fire       2%         N/A       82%         3
 Portal Projectile        Hex/Tloc       4%         N/A       82%         3
 Cause Fear               Hex            2%         N/A       97%         4

Inventory:

Hand Weapons
 Y - a +1 sling (weapon)
Armour
 j - a +0 ring mail (worn)
 m - a +0 pair of boots (worn)
Jewellery
 f - a ring of fire
Wands
 c - a wand of digging (2)
Scrolls
 a - 2 scrolls of identify
Potions
 d - a potion of haste
 e - a potion of enlightenment
 g - a potion of magic {unknown}
 i - a potion of lignification {unknown}

Dungeon Overview and Level Annotations

Branches:
Dungeon (3/15)

Altars:

Annotations:
D:3 Grinder, Pargi


Message History

You shoot a sling bullet. The sling bullet barely misses Pargi.
Pargi barely misses you. Pargi claws you but does no damage.
Pargi barely misses you.
You shoot a sling bullet.
The sling bullet hits Pargi but does no damage.
Pargi bites you. Pargi claws you. Pargi claws you but does no damage.
You shoot a sling bullet. The sling bullet barely misses Pargi.
Pargi barely misses you. You furiously retaliate!
You headbutt Pargi. Pargi closely misses you. Pargi barely misses you.
Pargi misses you. Pargi claws you but does no damage. x2
You shoot a sling bullet. The sling bullet hits Pargi.
Pargi is lightly wounded.
Pargi barely misses you. Pargi closely misses you. Pargi barely misses you.
Grinder hits you but does no damage.
You shoot a sling bullet. The sling bullet hits Pargi.
Pargi is lightly wounded.
Pargi bites you but does no damage. Pargi claws you.
Pargi claws you but does no damage.
Grinder drinks a potion.
Grinder seems to grow stronger.
You shoot a sling bullet. The sling bullet hits Pargi.
Pargi is lightly wounded.
Pargi closely misses you. You furiously retaliate!
You headbutt Pargi. Pargi claws you but does no damage. Pargi claws you.
Grinder gestures at you.
You suddenly lose the ability to move!
Pargi bites you but does no damage. Pargi claws you but does no damage. x2
Grinder hits you.
You writhe in agony.
You can move again.
You shoot a sling bullet. The sling bullet barely misses Pargi.
Pargi bites you but does no damage. Pargi claws you but does no damage.
Pargi barely misses you.
Grinder barely misses you. x2; Pargi bites you.
Pargi claws you. x2
You shoot a sling bullet. The sling bullet closely misses Pargi.
Pargi looks around nervously.
Pargi closely misses you. You furiously retaliate!
You headbutt Pargi, but do no damage. Pargi barely misses you.
Pargi claws you but does no damage.
Grinder blinks!
You shoot a sling bullet. The sling bullet barely misses Pargi.
Pargi bites you.
You die...

# . #. #. ##.#####
.. ....>.....# .##
........#.## ..
..#.......# .#####.
......#..####T......
# #..#.......@.#
#.##..#.#..####ยค#
#.:........# ...
##.......# ....#
#...##### .#.##
#...# 5... #...# ..
.# #...# .# .#
######...#####


You could see Grinder (strong) and Pargi.

Vanquished Creatures
  Jessica (D:2)
  Natasha (D:3)
  An adder (D:2)
  2 worms (D:2)
  2 dart slugs (D:1)
  10 bats
  5 endoplasms
  A giant cockroach (D:1)
  2 goblins (D:1)
  3 hobgoblins (D:1)
  4 jackals (D:2)
  3 quokkas
  5 ball pythons (D:1)
  7 kobolds
  4 rats
51 creatures vanquished.

Notes
Turn   | Place    | Note
-------+----------+-------------------------------------------
     0 | D:1      | qw the Minotaur Hexslinger began the quest for the Orb.
     0 | D:1      | Reached XP level 1. HP: 16/16 MP: 1/1
     0 | D:1      | 0 ||| qw: Version: 0.3-a-52-g30416fa
     0 | D:1      | 0 ||| qw: Game counter: 5245
     0 | D:1      | 0 ||| qw: Melee chars always use a shield: true
     0 | D:1      | 0 ||| qw: God list: Okawaru
     0 | D:1      | 0 ||| qw: Allow faded altars: false
     0 | D:1      | 0 ||| qw: Do Orc after clearing Dungeon:15 true
     0 | D:1      | 0 ||| qw: Do second Lair branch before Depths: true
     0 | D:1      | 0 ||| qw: Lair rune preference: random
     0 | D:1      | 0 ||| qw: Goals: Normal
     0 | D:1      | 0 ||| PLANNING D:1-11
    75 | D:1      | Reached skill level 3 in Ranged Weapons
    75 | D:1      | Reached XP level 2. HP: 23/23 MP: 2/2
   107 | D:1      | Found a faded altar of an unknown god.
   356 | D:1      | Reached XP level 3. HP: 29/29 MP: 3/3
   498 | D:1      | 498 ||| READING 3 scrolls labelled ZEREEZI SAHECA.
   499 | D:1      | 499 ||| READING scroll labelled XEGYCWU OFETO.
   600 | D:1      | 600 ||| READING 2 scrolls of identify.
   600 | D:1      | 600 ||| IDENTIFYING blue potion
   601 | D:1      | 601 ||| DROPPING scroll of poison.
   666 | D:2      | Noticed Jessica
   678 | D:2      | HP: 4/29 [Jessica/nerve-wracking pain (10)]
   679 | D:2      | Killed Jessica
   680 | D:2      | Reached skill level 4 in Ranged Weapons
   680 | D:2      | Reached XP level 4. HP: 3/36 MP: 4/4
   681 | D:2      | 681 ||| FLEEEEING.
   682 | D:2      | 682 ||| FLEEEEING.
   683 | D:2      | 683 ||| FLEEEEING.
   684 | D:2      | 684 ||| FLEEEEING.
   685 | D:2      | 685 ||| FLEEEEING.
   686 | D:2      | 686 ||| FLEEEEING.
   687 | D:2      | 687 ||| FLEEEEING.
   688 | D:2      | 688 ||| FLEEEEING.
   689 | D:2      | 689 ||| FLEEEEING.
   690 | D:2      | 690 ||| FLEEEEING.
   691 | D:2      | 691 ||| FLEEEEING.
   692 | D:2      | 692 ||| FLEEEEING.
   693 | D:2      | 693 ||| FLEEEEING.
   695 | D:2      | 695 ||| STAIRDANCE
   793 | D:1      | 793 ||| UPGRADING to +0 leather armour.
   803 | D:1      | 803 ||| DROPPING +0 robe.
   804 | D:1      | 804 ||| READING 2 scrolls of identify.
   804 | D:1      | 804 ||| IDENTIFYING golden potion
  1382 | D:2      | 1382 ||| UPGRADING to +0 ring mail.
  1392 | D:2      | 1392 ||| DROPPING +0 leather armour.
  1393 | D:2      | 1393 ||| UPGRADING to +0 pair of boots.
  1398 | D:2      | 1398 ||| READING scroll labelled RAKLUN FASTUN.
  1399 | D:2      | 1399 ||| READING scroll labelled GEPTAE IPUER.
  1400 | D:2      | 1400 ||| READING scroll labelled MABLOE EVOOR.
  1414 | D:3      | Noticed Natasha
  1419 | D:3      | Killed Natasha
  1420 | D:3      | Reached skill level 1 in Armour
  1423 | D:3      | Reached skill level 5 in Ranged Weapons
  1446 | D:3      | Noticed Grinder
  1446 | D:3      | Noticed Pargi
  1459 | D:3      | Paralysed by Grinder for 2 turns
  1461 | D:3      | HP: 6/36 [Pargi (4)]
  1461 | D:3      | HP: 2/36 [Pargi (2)]
  1463 | D:3      | Slain by Pargi

Levels and vault maps discovered:
D:1:      mrwooster_arrival_statue_3, layout_rooms, basic_ecumenical_altar,
          minivault_24
D:2:      cheibrodos_old_hovel, layout_loops_cross, uniq_jessica
D:3:      layout_loops_cross, nicolae_overflow_two_pavilions,
          biasface_ghost_orc_armoury, chequers_serial_rivers_micro_a,
          kennysheep_another_room, minmay_hedge_maze, uniq_natasha, uniq_pargi,
          uniq_grinder

Skill      XL: |  1  2  3  4 |
---------------+-------------+-----
Ranged Weapons | 3 4 5 |  5.0
Fighting       | 2 |  2.0
Armour         | 1 |  1.7
Dodging        | |  2.1
Spellcasting   | |  1.0
Hexes          | |  2.0

Action                     |  1- 3 |  4- 6 || total
---------------------------+-------+-------++-------
   Fire: Sling             |    92 |    64 ||   156
    Use: Scroll            |     3 |     4 ||     7
 Armour: Robe              |     7 |       ||     7
         Ring mail         |       |    26 ||    26
         Leather armour    |       |     2 ||     2
  Dodge: Dodged            |    17 |    39 ||    56

Table legend:
 A = Non-vault XP
 B = Vault XP
 C = Vault XP percentage of total XP
 D = Non-vault monster count
 E = Vault monster count
 F = Vault count percentage of total count
                 A         B        C        D         E       F
            +---------+---------+-------+---------+---------+-------
      Total |      99 |      73 |  42.4 |      48 |       3 |   5.9
            +---------+---------+-------+---------+---------+-------
        D:1 |      49 |       0 |   0.0 |      29 |       0 |   0.0
        D:2 |      48 |      38 |  44.2 |      17 |       2 |  10.5
        D:3 |       2 |      35 |  94.6 |       2 |       1 |  33.3
            +---------+---------+-------+---------+---------+-------
